Map: Cyber Forest LE

Players

TLO - Winner!

  • Race: Zerg Zerg
  • Spawn Location: 5:00

Zanster

  • Race: Zerg Zerg
  • Spawn Location: 11:00

Event: 2019 WCS Spring

VOD

Have the link to the VOD?

Description

Time

  • Played on: May 17, 2019, 1:47 p.m.
  • Length: 11:09

All games in this series

Show
View Real Time Build Order
Export as new Build Order

TLO Zerg - Winner!

Build Orders: Hatch First 

Get SALT Encoding   

  12  0:01  Drone  
  13  0:12  Overlord  
  13  0:17  Drone  
  14  0:30  Drone  
  14  0:31  Drone  
  16  0:48  Hatchery  
  15  0:52  Drone  
  15  0:55  Drone  
  17  1:09  Spawning Pool  
  16  1:12  Drone  
  16  1:16  Drone  
  18  1:20  Extractor  
  18  1:22  Drone  
  18  1:28  Drone  
  20  1:56  Zergling x4  
  20  1:59  Queen x2  
  20  2:00  Zergling x2  
  20  2:01  Zergling x2  
  27  2:16  Zergling x2  
  27  2:25  Overlord  
  25  2:30  Drone  
  25  2:35  Drone  
  27  2:45  Overlord  
  27  2:48  Queen  
  29  2:55  Overlord  
  29  2:58  Drone  
  30  3:03  Drone  
  30  3:04  Drone  
  32  3:06  Drone  
  32  3:10  Drone  
  34  3:13  Drone  
  34  3:14  Drone  
  34  3:16  Drone  
  38  3:20  Extractor, Drone  
  38  3:26  Drone  
  38  3:27  Evolution Chamber  
  35  3:29  Drone  
  35  3:38  Roach Warren, Drone  
  35  3:41  Drone  
  35  3:42  Drone  
  35  3:44  Drone  
  35  3:47  Extractor, Drone  
  38  3:49  Drone  
  38  3:52  Drone  
  40  3:59  Drone  
  40  4:01  Drone  
  40  4:02  Drone x2  
  44  4:05  Drone  
  45  4:12  Overlord  
  45  4:18  Evolution Chamber, Roach x2  
  45  4:19  Roach  
  45  4:21  Drone  
  45  4:23  Drone  
  52  4:27  Overlord  
  52  4:33  Lair  
  52  4:34  Drone x2  
  52  4:35  Drone  
  52  4:37  Drone  
  56  4:41  Drone  
  56  4:44  Drone  
  58  4:50  Zerg Missile Weapons Level 1  
  58  4:54  Extractor  
  58  4:55  Hatchery  
  58  4:58  Roach  
  58  5:01  Roach  
  60  5:08  Drone  
  60  5:10  Overlord  
  60  5:11  Roach  
  63  5:14  Overlord  
  63  5:15  Roach x2  
  63  5:17  Drone  
  68  5:22  Overlord  
  68  5:25  Overlord x2  
  68  5:29  Roach  
  68  5:31  Glial Reconstitution  
  68  5:32  Drone  
  68  5:34  Roach  
  73  5:37  Drone  
  73  5:38  Drone x2  
  73  5:42  Roach  
  78  5:48  Roach  
  78  5:49  Roach  
  82  5:51  Roach  
  82  5:53  Roach  
  82  5:54  Roach  
  88  5:59  Roach  
  88  6:01  Roach  
  88  6:02  Roach  
  94  6:05  Roach  
  94  6:07  Queen  
  94  6:11  Roach  
  100  6:13  Roach  
  100  6:15  Overseer  
  102  6:21  Drone x2  
  102  6:23  Overlord  
  102  6:24  Roach  
  102  6:25  Extractor  
  105  6:28  Roach  
  105  6:29  Roach x2  
  105  6:31  Drone  
  105  6:32  Drone  
  111  6:35  Roach  
  111  6:37  Drone  
  114  6:40  Extractor  
  107  6:48  Roach  
  107  6:49  Roach  
  107  6:50  Roach x2  
  107  6:51  Roach  
  107  6:53  Roach x2  
  113  6:58  Roach x2  
  113  6:59  Roach  
  113  7:02  Roach  
  113  7:07  Roach x2  
  105  7:11  Roach, Drone  
  105  7:12  Drone x2  
  105  7:15  Roach x2  
  110  7:17  Roach  
  110  7:20  Roach  
  114  7:23  Roach  
  114  7:24  Roach  
  114  7:26  Roach  
  114  7:29  Overlord  
  120  7:36  Roach  
  122  7:39  Roach  
  122  7:41  Roach  
  122  7:43  Zerg Missile Weapons Level 2  
  116  7:44  Drone  
  116  7:45  Drone x4  
  116  7:48  Roach  
  116  7:50  Roach  
  125  7:53  Roach  
  125  7:54  Roach  
  125  7:58  Overlord  
  129  8:00  Overlord  
  129  8:01  Overlord  
  129  8:05  Zerg Ground Armor Level 1  
  129  8:09  Overlord  
  129  8:10  Overlord  
  129  8:12  Ravager  
  130  8:14  Overlord  
  130  8:17  Overlord  
  130  8:18  Roach  
  130  8:19  Ravager  
  133  8:22  Ravager  
  134  8:27  Roach  
  134  8:30  Roach x3  
  134  8:31  Roach  
  144  8:37  Roach x3  
  144  8:41  Roach x2  
  152  8:43  Roach  
  152  8:45  Overlord  
  152  8:48  Overlord x2  
  156  8:49  Roach  
  156  8:52  Roach x2  
  162  9:00  Ravager, Overlord x2  
  162  9:02  Ravager  
  164  9:03  Roach  
  164  9:04  Roach  
  164  9:08  Roach x2  
  172  9:13  Roach  
  172  9:14  Roach, Extractor  
  172  9:15  Roach  
  177  9:18  Roach  
  177  9:20  Roach  
  177  9:22  Roach  
  183  9:26  Roach  
  183  9:31  Roach x3  
  185  9:32  Roach  
  185  9:33  Roach  
  185  9:35  Roach  
  185  9:38  Roach  
  187  9:39  Roach  
  187  9:41  Roach  
  187  9:43  Roach  
  178  9:46  Roach  
  178  9:48  Roach  
  178  9:49  Roach  
  178  9:52  Roach  
  159  9:53  Roach  
  159  9:55  Roach  
  159  9:56  Roach  
  159  9:58  Roach  
  148  10:00  Roach  
  148  10:02  Roach  
  148  10:04  Roach  
  148  10:06  Roach  
  138  10:08  Roach  
  138  10:10  Roach  
  138  10:11  Roach  
  126  10:16  Roach x2  
  126  10:18  Roach  
  126  10:21  Ravager, Roach  
  131  10:22  Roach  
  131  10:26  Roach x2  
  135  10:32  Roach  
  135  10:33  Roach  
  135  10:37  Roach x2  
  135  10:40  Roach  
  135  10:41  Roach x2  
  135  10:42  Roach  
  137  10:45  Roach  
  137  10:46  Roach  
Show
View Real Time Build Order
Export as new Build Order

Zanster Zerg 

Build Orders: Pool First 

Get SALT Encoding   

  12  0:18  Spawning Pool  
  11  0:21  Drone  
  11  0:26  Drone  
  13  0:30  Drone  
  14  0:40  Overlord  
  14  1:06  Zergling x6  
  17  1:17  Zergling x2  
  18  1:19  Hatchery  
  17  1:28  Extractor, Zergling x2  
  17  1:36  Queen  
  19  1:40  Zergling x2  
  20  1:51  Drone  
  21  2:01  Overlord  
  21  2:17  Drone  
  21  2:21  Drone  
  23  2:28  Metabolic Boost  
  19  2:31  Queen  
  19  2:36  Drone  
  22  2:42  Drone  
  23  2:44  Drone  
  23  2:48  Drone  
  25  2:54  Drone x2  
  27  3:02  Overlord  
  27  3:20  Overlord, Drone  
  27  3:21  Drone x3  
  27  3:22  Drone  
  27  3:25  Drone  
  33  3:35  Drone  
  34  3:41  Drone  
  35  3:50  Baneling Nest  
  35  3:53  Roach Warren  
  35  3:54  Drone x6  
  40  3:59  Drone  
  40  4:04  Overlord  
  40  4:05  Drone x2  
  40  4:08  Drone  
  43  4:22  Hatchery, Drone  
  43  4:23  Drone  
  44  4:24  Drone  
  44  4:28  Extractor  
  44  4:33  Evolution Chamber, Drone x3  
  44  4:34  Drone  
  44  4:35  Drone  
  48  4:38  Zergling x2  
  48  4:40  Zergling x2  
  48  4:45  Overlord  
  49  4:47  Lair  
  49  4:55  Drone x2  
  49  4:56  Extractor  
  49  4:58  Zergling x4  
  52  5:00  Overlord x2  
  52  5:10  Drone x5  
  52  5:12  Queen  
  59  5:18  Zerg Missile Weapons Level 1  
  59  5:19  Overlord  
  59  5:26  Roach x3  
  65  5:31  Roach x2  
  65  5:34  Roach  
  71  5:38  Roach  
  71  5:39  Roach  
  71  5:41  Roach  
  77  5:43  Roach  
  77  5:44  Roach  
  80  5:53  Drone  
  80  5:54  Glial Reconstitution, Drone x2  
  80  5:55  Drone  
  83  5:57  Drone x3  
  83  6:00  Drone  
  83  6:01  Drone x2  
  89  6:04  Overlord  
  89  6:05  Extractor  
  89  6:07  Roach  
  90  6:11  Overlord  
  90  6:16  Overlord x2  
  90  6:17  Overseer  
  90  6:22  Extractor  
  89  6:26  Roach  
  89  6:27  Roach x2  
  94  6:33  Roach  
  94  6:34  Roach x4  
  94  6:38  Roach x3  
  109  6:43  Roach x2  
  109  6:45  Roach  
  109  6:46  Roach  
  111  6:52  Roach  
  103  6:55  Roach  
  103  6:56  Roach x2  
  103  7:00  Queen  
  104  7:04  Roach x4  
  104  7:08  Roach  
  106  7:11  Roach x2  
  110  7:20  Overlord  
  110  7:21  Drone x3  
  110  7:22  Overseer  
  113  7:24  Drone  
  115  7:30  Drone, Spire  
  115  7:31  Drone  
  115  7:34  Drone  
  116  7:43  Roach x5  
  116  7:49  Roach x2  
  118  7:57  Ravager  
  118  7:58  Ravager, Roach  
  124  7:59  Roach  
  124  8:00  Roach  
  124  8:02  Overlord  
  128  8:14  Queen  
  128  8:16  Roach  
  128  8:17  Overlord  
  130  8:21  Roach x4  
  130  8:23  Overlord  
  138  8:29  Extractor  
  137  8:34  Overlord  
  137  8:35  Drone  
  138  8:43  Mutalisk x5  
  148  8:48  Mutalisk  
  148  8:55  Mutalisk  
  150  9:02  Mutalisk  
  152  9:05  Drone  
  152  9:06  Drone x6  
  152  9:07  Drone  
  162  9:11  Zerg Flyer Weapons Level 1  
  162  9:13  Overlord  
  162  9:14  Overlord  
  162  9:16  Hatchery  
  161  9:26  Overlord  
  153  9:32  Roach x7  
  153  9:35  Roach  
  145  9:45  Roach  
  145  9:46  Roach x5  
  145  9:52  Roach  
  139  9:53  Roach x2  
  139  9:55  Roach  
  125  10:05  Roach x4  
  115  10:13  Mutalisk  
  106  10:15  Mutalisk x2  
  106  10:20  Mutalisk  
  110  10:22  Ravager  
  110  10:27  Roach x2  
  115  10:35  Roach x3  
Tags
 
Add a new tag
Caveats
  • Supply blocks, unpowered buildings, or Contaminate may cause inaccurate times.
  • Supply counts are checked every 10 seconds.